 Dungeon Crawl Stone Soup version 0.31-a0-424-g41b3b0883d (webtiles) character file.

Game seed: 10003966481356970745

219768 Ajdolov the Executioner (level 19, -4/289 HPs)
             Began as a Hill Orc Berserker on July 30, 2023.
             Was an Elder of Trog.
             Slain by a spriggan druid
             ... wielding a +2 spectral quarterstaff
              (9 damage)
             ... on level 4 of the Swamp.
             The game lasted 01:13:29 (31216 turns).

Ajdolov the Executioner (Hill Orc Berserker)       Turns: 31216, Time: 01:13:30

Health: -4/289     AC: 36    Str: 34    XL:     19   Next: 15%
Magic:  28/28      EV:  6    Int: 10    God:    Trog [****..]
Gold:   2952       SH:  0    Dex: 10    Spells: 18/18 levels left

rFire   + + .        r - +2 executioner's axe (heavy)
rCold   + + +        (shield currently unavailable)
rNeg    . . .        G - +0 crystal plate armour
rPois   +            x - +1 helmet "Nonn" {Int+3 Dex+3}
rElec   .            Q - +0 cloak {rPois}
rCorr   .            H - +2 pair of gloves {Stlth+}
SInv    .            A - +2 pair of boots "Zahec" {rF+ Regen+ Str+2 Dex-4}
Will    ++++.        R - amulet "Nomogy" {rC+++ Will++ Regen+ Dex-5} Stlth
                     h - ring of the Furies {rF+ Will+ MP+9 Str+4}
HPRegen 2.28/turn    q - +6 ring of dexterity
MPRegen 0.21/turn

%: no passive effects
@: berserking (expiring), grasped by roots, constricted, quick
A: no striking features
}: 1/15 runes: serpentine
a: Renounce Religion, Berserk, Trog's Hand, Brothers in Arms


You were on level 4 of the Swamp.
You worshipped Trog.
Trog was greatly pleased with you.
You visited 4 branches of the dungeon, and saw 28 of its levels.
You also visited: Ice Cave and Volcano.

You collected 3928 gold pieces.
You spent 976 gold pieces at shops.

Inventory:

Hand Weapons
 r - a +2 heavy executioner's axe (weapon)
Missiles
 c - 5 datura-tipped darts
 C - 18 curare-tipped darts
 I - 18 boomerangs
 M - 55 poisoned darts
 P - 5 javelins
 Z - a throwing net (quivered)
Armour
 x - the +1 helmet "Nonn" (worn) {Int+3 Dex+3}
   (You found it on level 3 of the Swamp)

   Int:       It affects your intelligence (+3).
   Dex:       It affects your dexterity (+3).
 A - the +2 pair of boots "Zahec" (worn) {rF+ Regen+ Str+2 Dex-4}
   (You found it on level 4 of the Lair of Beasts)

   Str:       It affects your strength (+2).
   Dex:       It affects your dexterity (-4).
   rF:        It protects you from fire.
   Regen:     It increases your rate of health regeneration.
 G - a +0 crystal plate armour (worn)
 H - a +2 pair of gloves of stealth (worn)
 Q - a +0 cloak of poison resistance (worn)
Jewellery
 h - the ring of the Furies (left hand) {rF+ Will+ MP+9 Str+4}
   (You acquired it on level 10 of the Dungeon)

   [ring of magical power]

   Str:       It affects your strength (+4).
   rF:        It protects you from fire.
   MP:        It affects your magic capacity (+9).
   Will:      It increases your willpower.
 q - a +6 ring of dexterity (right hand)
 u - the ring "Komipnum" {rPois rC+ AC+4 Slay+2}
   (You found it on level 2 of the Snake Pit)

   [ring of protection]

   AC:        It affects your AC (+4).
   Slay:      It affects your accuracy & damage with ranged weapons and melee
   (+2).
   rC:        It protects you from cold.
   rPois:     It protects you from poison.
 R - the amulet "Nomogy" (around neck) {rC+++ Will++ Regen+ Dex-5}
   (You found it in an ice cave)

   [amulet of regeneration]

   Dex:       It affects your dexterity (-5).
   rC:        It renders you almost immune to cold.
   Regen:     It increases your rate of health regeneration.
   Will:      It greatly increases your willpower.
 S - a ring of see invisible
Wands
 b - a wand of flame (44)
 l - a wand of paralysis (22)
 y - a wand of digging (21)
 L - a wand of polymorph (12)
 N - a wand of roots (26)
 O - a wand of mindburst (40)
 X - a wand of light (18)
Scrolls
 d - 4 scrolls of revelation
 j - 14 scrolls of teleportation
 n - a scroll of torment
 o - 6 scrolls of vulnerability
 s - 3 scrolls of immolation
 v - a scroll of summoning
 w - 2 scrolls of fog
 z - 5 scrolls of poison
 F - 4 scrolls of fear
 J - 8 scrolls of blinking
 V - 2 scrolls of enchant armour
 W - a scroll of silence
Potions
 e - 2 potions of invisibility
 f - 7 potions of haste
 g - 3 potions of enlightenment
 i - 3 potions of might
 k - 7 potions of curing
 t - a potion of ambrosia
 B - a potion of mutation
 E - a potion of lignification
 K - 3 potions of resistance
 T - 4 potions of cancellation
 U - 6 potions of attraction
Miscellaneous
 a - a phial of floods (inert)
 m - a tin of tremorstones (2/2)
 p - a lightning rod (4/4)


   Skills:
 - Level 22.6 Fighting
 - Level 24.0 Axes
 * Level 14.5 Throwing
 + Level 16.6 Armour
 + Level 6.1 Dodging
 - Level 10.0 Evocations


You had 18 spell levels left.
You didn't know any spells.
Your spell library was empty.

Dungeon Overview and Level Annotations

Branches:
Dungeon (15/15)            Temple (0/1) D:7            Lair (5/5) D:10
  Swamp (4/4) Lair:3        Snake (4/4) Lair:3        Slime (0/5) Lair:4
    Orc (0/2) D:11         Vaults (0/5) D:13         Depths (0/4) D:15
  IceCv (visited)         Volcano (visited)

Altars:
Fedhas
Hepliaklqana
Kikubaaqudgha
Makhleb
Nemelex Xobeh
Okawaru
Ru
Sif Muna
Trog
Uskayaw
Wu Jian
Xom
Yredelemnul
Jiyva

Shops:
D:14 [   Snake:1 *[   Snake:2 =(=


Message History

The +2 spectral quarterstaff barely misses you.
The thorn hunter fires a volley of thorns at you.
The volley of thorns hits you!
* * * LOW HITPOINT WARNING * * *
The thorn hunter hits you but does no damage.
The thorn hunter hits you!
* * * LOW HITPOINT WARNING * * *
The hornet stings you but does no damage.
The hornet stings you.
* * * LOW HITPOINT WARNING * * *
You feel yourself slow down.
You closely miss the spriggan druid.
The spriggan druid is severely wounded.
You open the thorn hunter like a pillowcase!!!
You destroy the thorn hunter!
Trog accepts your kill.
You open the thorn hunter like a pillowcase!!!
You cut the +2 spectral quarterstaff into ribbons!!!
The spriggan druid shares its spectral weapon's damage!
The +2 spectral quarterstaff disappears.
You closely miss the hornet. You chop the hornet into pieces!!!
You kill the hornet!
Trog accepts your kill.
The briar patch crumbles away. x4; The grasping roots constrict you!
* * * LOW HITPOINT WARNING * * *
The hornet stings you!
* * * LOW HITPOINT WARNING * * *
The spriggan druid points at you and mumbles some strange words.
The stone arrow misses you. The thorn hunter hits you!
* * * LOW HITPOINT WARNING * * *
The thorn hunter hits you but does no damage.
You are too berserk!
Your unstable footing causes you to fumble your attack.
You feel yourself speed up.
The briar patch crumbles away. x6; The hornet stings you!
* * * LOW HITPOINT WARNING * * *
The thorn hunter gestures.
Thorny briars emerge from the ground!
The spriggan druid hits you with a +2 spectral quarterstaff!
You die...

#~.~.♣♣ ♣.... #~..).~ ....
#~~.~.. # ...♣ ##§~~~.. ### ..
§.w #~~~~~.. ..## #.# #♣ ##♣.~♣
♣~~~~~~~ ...### #..♣#.#♣~♣if♣
♣♣.§~~§~ ...~.# #..PP~..†iff♣
♣~.~~~~~ ~....#♣♣~~PP~.~y@f♣
♣♣~~§~~~~ ..~..~♣ #~PP~..†~##
♣.~~~~~~~ ......♣♣##PP.~~§## ♣♣♣
♣♣.†~~~~~ ...~~...#♣##P§PP# #♣.♣♣
♣~~~~~~~ #...[~..~####.P♣♣ #~.~♣
♣♣~~~.~~~
##...♣~.~~##.P.##♣♣~~♣♣♣♣.)[~....
.##..♣♣.......~~.♣.~.♣♣~♣†~~~....
..'..♣♣♣~~.PP.~~.~§.~♣~~~~~~~~~.♣
.##..♣♣♣....~..♣.§...)~~~~~~~~~~.


You could see a thorn hunter, 3 shambling mangroves, a tyrant leech, 2 spriggan
druids and a hornet.

Vanquished Creatures
  Saint Roka (Snake:2)
  Vashnia (Snake:4)
  Nikola (Swamp:2)
  Mlioglotl (Swamp:3)
  2 thorn hunters
  2 storm dragons (D:13)
  Donald (Snake:2)
  Aizul (Snake:1)
  A fenstrider witch (Swamp:4)
  A rockslime (IceCv)
  2 nagarajas
  Roxanne (Swamp:3)
  3 azure jellies (IceCv)
  The ghost of AdnanSaban the Warrior, an adept GrFi of Okawaru (Swamp:4)
  A reaper (D:14)
  3 quicksilver oozes (IceCv)
  Nessos (Lair:4)
  2 vampire knights (Swamp:4)
  4 eleionomae
  3 bunyips
  Azrael (D:13)
  A red draconian (Volcano)
  A great orb of eyes (D:15)
  4 shambling mangroves
  A deep elf high priest (D:13)
  12 hydras
  Josephine (Snake:1)
  A rakshasa (D:15)
  4 vault guards (D:13)
  An ice dragon (Snake:2)
  12 anacondas
  10 centaur warriors
  A ghost crab (Swamp:3)
  2 ogre magi
  A catoblepas (Lair:3)
  9 naga warriors
  12 two-headed ogres
  2 salamander tyrants
  4 tengu warriors
  4 boulder beetles
  5 alligators
  12 naga sharpshooters
  3 shock serpents
  5 goliath frogs
  Sonja (D:13)
  5 skeletal warriors (D:14)
  Amaemon (Lair:3)
  4 salamander mystics
  Lodul (D:10)
  A sea snake (Snake:2)
  2 flayed ghosts (Swamp:4)
  6 naga ritualists
  An orc knight (D:13)
  6 swamp dragons
  2 orange crystal statues (IceCv)
  2 bog bodies (Swamp:2)
  3 spectral hydras (Swamp:4)
  2 wizards
  2 deep elf pyromancers
  21 salamanders
  6 ugly things
  8 mana vipers
  2 will-o-the-wisps (Swamp:3)
  6 cyclopes
  A manticore (shapeshifter) (D:15)
  3 elephants (Lair:4)
  4 manticores (D:14)
  7 guardian serpents
  13 naga magi
  34 black mambas
  7 cane toads
  An ice statue (Lair:4)
  A gargoyle (D:10)
  An orange demon (Lair:3)
  An unseen horror (D:12)
  A rime drake (Lair:4)
  A freezing wraith (Lair:4)
  10 komodo dragons
  3 tengu conjurers
  2 death drake zombies (Swamp:4)
  A troll (D:14)
  4 hydra zombies (Swamp:4)
  7 polar bears
  18 hornets
  A hydra skeleton (Swamp:4)
  A wolf spider simulacrum (D:15)
  10 tyrant leeches
  2 dream sheep (Lair:5)
  14 blink frogs
  28 slime creatures
  A centaur simulacrum (D:14)
  2 dire elephant simulacra (Lair:2)
  2 shadows
  18 spriggans
  Sigmund (D:5)
  A vampire (D:13)
  8 wraiths
  72 yaks
  A wyvern (shapeshifter) (D:13)
  2 wyverns (D:10)
  4 fire elementals (D:13)
  A hog (shapeshifter) (D:13)
  3 basilisks
  4 steam dragons
  4 vampire mosquitoes (D:12)
  2 wargs
  44 nagas
  5 hydra simulacra
  14 swamp worms
  A hell hound (D:13)
  An acid dragon (D:9)
  18 water moccasins
  5 swamp drakes
  5 great orb of eyes simulacra (IceCv)
  12 ice beasts
  3 black bears (Lair:5)
  19 ogres
  A black mamba simulacrum (Lair:2)
  6 orc warriors
  A swamp dragon zombie (Swamp:4)
  7 boggarts
  11 centaurs
  29 wolves
  A phantom (D:4)
  5 kobold brigands
  6 slime creature simulacra (IceCv)
  15 bullfrogs
  4 glowing shapeshifter simulacra (IceCv)
  2 gnoll sergeants (D:6)
  4 scorpions
  9 wights
  12 killer bees
  12 howler monkeys
  4 jellies
  A lava snake (Snake:2)
  2 gnoll boudas
  A komodo dragon simulacrum (Lair:2)
  7 hounds
  9 orc priests
  2 sleepcaps
  4 iguanas
  11 orc wizards
  A polar bear simulacrum (Lair:2)
  Terence (D:3)
  18 gnolls
  9 adders
  A shadow imp (D:5)
  A white imp (Lair:4)
  2 worms
  2 dart slugs
  46 orcs
  4 bats
  13 endoplasms
  2 giant cockroaches
  3 goblins
  8 hobgoblins
  A jackal (D:1)
  30 kobolds
  A quokka (D:4)
  11 ball pythons
  3 frilled lizards
  5 rats
  2 spectral weapons (Swamp:4)
983 creatures vanquished.

Vanquished Creatures (collateral kills)
  A nagaraja (Snake:4)
  A hydra zombie (Swamp:4)
  4 vault guards (D:13)
  3 anacondas
  An alligator (Swamp:2)
  A naga warrior (Snake:4)
  2 naga sharpshooters (Snake:4)
  A goliath frog (Swamp:1)
  A spriggan druid (Swamp:2)
  A swamp dragon (Swamp:1)
  A will-o-the-wisp (Swamp:1)
  2 salamanders (Snake:2)
  A black mamba (Snake:2)
  A naga mage (Snake:4)
  2 tyrant leeches
  A hornet (Swamp:2)
  3 swamp worms
  2 orc warriors (Snake:2)
  An orc priest (Snake:2)
  An orc wizard (Snake:2)
  2 orcs (Snake:2)
33 creatures vanquished.

Vanquished Creatures (others)
  An ogre mage (D:15)
  A bloated husk (Swamp:2)
  2 swamp worms
  18 foxfires (Swamp:3)
  2 starspawn tentacles (Swamp:3)
24 creatures vanquished.

Grand Total: 1040 creatures vanquished

Notes
Turn   | Place    | Note
-------+----------+-------------------------------------------
     0 | D:1      | Ajdolov the Hill Orc Berserker began the quest for the Orb.
     0 | D:1      | Reached XP level 1. HP: 19/19 MP: 1/1
   213 | D:1      | Reached XP level 2. HP: 26/27 MP: 2/2
   404 | D:1      | Reached skill level 5 in Axes
   450 | D:1      | Reached XP level 3. HP: 33/33 MP: 3/3
   833 | D:2      | Reached ** piety under Trog
   922 | D:2      | Found a faded altar of an unknown god.
  1583 | D:2      | Reached XP level 4. HP: 35/41 MP: 4/4
  2024 | D:3      | Reached skill level 6 in Axes
  2117 | D:3      | Reached XP level 5. HP: 47/47 MP: 5/5
  2152 | D:3      | Reached skill level 5 in Fighting
  2306 | D:3      | Found a shimmering altar of Xom.
  2518 | D:3      | Noticed Terence
  2536 | D:3      | Killed Terence
  2537 | D:3      | Reached skill level 7 in Axes
  2809 | D:4      | Reached XP level 6. HP: 56/56 MP: 6/6
  2867 | D:4      | Reached skill level 8 in Axes
  2918 | D:4      | Found a blossoming altar of Fedhas.
  3001 | D:4      | Reached XP level 7. HP: 58/63 MP: 7/7
  3111 | D:4      | Reached skill level 9 in Axes
  3507 | D:5      | Entered Level 5 of the Dungeon
  3687 | D:5      | Reached skill level 10 in Axes
  3862 | D:5      | Reached XP level 8. HP: 69/73 MP: 8/8
  4123 | D:5      | Noticed Sigmund
  4139 | D:5      | Killed Sigmund
  4140 | D:5      | Reached skill level 11 in Axes
  4767 | D:6      | Found a basalt altar of Yredelemnul.
  4769 | D:6      | Found a hide-covered altar of Uskayaw.
  4836 | D:6      | Reached skill level 12 in Axes
  5164 | D:6      | Reached XP level 9. HP: 61/74 MP: 9/9
  5528 | D:6      | Reached skill level 13 in Axes
  5586 | D:6      | Found a sacrificial altar of Ru.
  5809 | D:6      | Reached *** piety under Trog
  6234 | D:7      | Found an ornate altar of the Wu Jian Council.
  6237 | D:7      | Found a shimmering blue altar of Sif Muna.
  6237 | D:7      | Found a sparkling altar of Nemelex Xobeh.
  6240 | D:7      | Found an ancient bone altar of Kikubaaqudgha.
  6241 | D:7      | Found a hazy altar of Hepliaklqana.
  6298 | D:7      | Reached skill level 14 in Axes
  6483 | D:7      | Noticed a two-headed ogre
  6494 | D:7      | Killed a two-headed ogre
  6495 | D:7      | Reached skill level 10 in Fighting
  6495 | D:7      | Reached XP level 10. HP: 94/94 MP: 10/10
  6497 | D:7      | Reached skill level 15 in Axes
  6639 | D:7      | Found a staircase to the Ecumenical Temple.
  6648 | D:7      | Identified the +2 chain mail of the Constellations {Str+2
                  | Int+3}
  7301 | D:8      | Reached **** piety under Trog
  7894 | D:9      | Reached skill level 16 in Axes
  8373 | D:9      | Found a bloodstained altar of Trog.
  8918 | D:10     | Entered Level 10 of the Dungeon
  8946 | D:10     | Reached skill level 5 in Armour
  8949 | D:10     | Reached skill level 17 in Axes
  8953 | D:10     | Reached ***** piety under Trog
  8962 | D:10     | Noticed a cyclops
  8968 | D:10     | Reached XP level 11. HP: 101/101 MP: 11/11
  8973 | D:10     | Killed a cyclops
  9074 | D:10     | Noticed Lodul
  9166 | D:10     | Killed Lodul
  9167 | D:10     | Reached skill level 18 in Axes
  9214 | D:10     | Found an iron altar of Okawaru.
  9901 | D:10     | Found a staircase to the Lair.
 10359 | Lair:1   | Entered Level 1 of the Lair of Beasts
 10387 | D:10     | Identified 3 scrolls of acquirement
 10390 | D:10     | Acquired a manual of Fighting
 10392 | D:10     | Acquired the ring of the Furies {rF+ Will+ MP+9 Str+4}
 10396 | D:10     | Acquired 835 gold pieces
 10519 | Lair:1   | Reached skill level 19 in Axes
 11042 | Lair:2   | Acquired a manual of Fighting
 11148 | Lair:2   | Noticed a seven-headed hydra
 11175 | Lair:2   | Killed a seven-headed hydra
 11176 | Lair:2   | Reached XP level 12. HP: 88/108 MP: 12/12
 11455 | Lair:2   | Reached skill level 20 in Axes
 11474 | Lair:2   | Found a dark tunnel.
 11480 | Volcano  | Entered a volcano
 11620 | Volcano  | Noticed a red draconian
 11629 | Volcano  | Killed a red draconian
 11630 | Volcano  | Reached skill level 10 in Armour
 11855 | Lair:2   | Found a transporter.
 11999 | Lair:2   | Found a transporter.
 12411 | Lair:2   | Identified the +0 helmet "Izikhliex" {rC+ Int+3}
 12422 | Lair:2   | Acquired an amulet of reflection
 12589 | Lair:3   | Noticed Amaemon
 12598 | Lair:3   | Killed Amaemon
 12718 | Lair:3   | Received a gift from Trog
 12773 | Lair:3   | Noticed a catoblepas
 12777 | Lair:3   | Killed a catoblepas
 12993 | Lair:3   | Found a staircase to the Swamp.
 13096 | Lair:3   | Found a staircase to the Snake Pit.
 13208 | Lair:3   | Reached XP level 13. HP: 114/114 MP: 13/13
 13825 | Lair:4   | Noticed Nessos
 13830 | Lair:4   | Killed Nessos
 14015 | Lair:4   | Reached skill level 15 in Fighting
 14154 | Lair:4   | Found a viscous altar of Jiyva.
 14158 | Lair:4   | Found a staircase to the Slime Pits.
 14178 | Lair:4   | Identified the +8 trident "Viusm" {spect, rF++ rN+ Dex+6}
 14944 | D:11     | Found a staircase to the Orcish Mines.
 15133 | D:11     | Identified the +7 rapier of the Lurker {heavy, Str+2
                  | Stlth+} (Trog gifted it to you on level 11 of the Dungeon)
 15133 | D:11     | Received a gift from Trog
 15515 | D:11     | Identified the +2 robe of the Hippogriff {Regen+ Str-3 SInv
                  | Stlth+}
 15887 | D:12     | Reached skill level 1 in Evocations
 16056 | D:12     | Reached XP level 14. HP: 133/146 MP: 14/14
 16243 | D:12     | Found a burning altar of Makhleb.
 16243 | D:12     | Noticed an Executioner
 16521 | D:13     | Noticed Azrael
 16535 | D:13     | Killed Azrael
 16784 | D:13     | Noticed a storm dragon
 16795 | D:13     | Reached skill level 5 in Evocations
 16806 | D:13     | Noticed a storm dragon
 16815 | D:13     | Found the +9 sword of Power {lifebolt}
 16825 | D:13     | Killed a storm dragon
 16828 | D:13     | Killed a storm dragon
 17649 | D:13     | Found a gate to the Vaults.
 17735 | D:13     | Noticed Sonja
 17749 | D:13     | Killed Sonja
 18417 | D:14     | Noticed a reaper
 18436 | D:14     | HP: 1/151 [reaper/+4 scythe of protection (23)]
 18954 | D:14     | Reached XP level 15. HP: 135/158 MP: 15/15
 18964 | D:14     | Found Wudghofoe's Antique Armour Emporium.
 19233 | D:14     | Reached skill level 10 in Evocations
 19419 | D:14     | Received a gift from Trog
 19704 | D:14     | Found the +5 scythe "Finisher" {speed, execute}
 20128 | D:15     | Entered Level 15 of the Dungeon
 20676 | D:15     | Reached skill level 21 in Axes
 21096 | D:15     | Found a staircase to the Depths.
 21097 | D:15     | Paralysed by a great orb of eyes for 2 turns
 21600 | Lair:5   | Entered Level 5 of the Lair of Beasts
 22028 | Lair:5   | Reached XP level 16. HP: 170/170 MP: 16/16
 22072 | Lair:5   | Reached skill level 22 in Axes
 22073 | Lair:5   | Received a gift from Trog
 22604 | Lair:5   | Reached skill level 15 in Armour
 22975 | Lair:4   | Identified the +2 pair of boots "Zahec" {rF+ Regen+ Str+2
                  | Dex-4}
 23088 | Snake:1  | Entered Level 1 of the Snake Pit
 23096 | Snake:1  | Noticed Aizul
 23102 | Snake:1  | Killed Aizul
 23172 | Snake:1  | Reached skill level 1 in Throwing
 23334 | Snake:1  | Found Fevy's Assorted Antiques.
 23339 | Snake:1  | Found Bysou's Antique Armour Shop.
 23342 | Snake:1  | Bought a scroll of identify for 74 gold pieces
 23342 | Snake:1  | Bought a wand of paralysis (4) for 355 gold pieces
 23342 | Snake:1  | Bought a shiny silver ring for 185 gold pieces
 23342 | Snake:1  | Bought a wand of mindburst (7) for 362 gold pieces
 23485 | Snake:1  | Noticed Josephine
 23493 | Snake:1  | Killed Josephine
 23500 | Snake:1  | Reached skill level 23 in Axes
 23719 | Snake:2  | Noticed Saint Roka
 23737 | Snake:2  | Killed Saint Roka
 23825 | Snake:2  | Noticed Donald
 23832 | Snake:2  | Killed Donald
 23872 | Snake:2  | Found a frozen archway.
 23907 | IceCv    | Entered an ice cave
 24027 | IceCv    | Noticed an azure jelly
 24399 | IceCv    | Noticed a rockslime
 24402 | IceCv    | Found a viscous altar of Jiyva.
 24402 | IceCv    | Noticed an azure jelly
 24404 | IceCv    | Killed a rockslime
 24405 | IceCv    | Reached skill level 24 in Axes
 24405 | IceCv    | Noticed an azure jelly
 24406 | IceCv    | Noticed an azure jelly
 24409 | IceCv    | Killed an azure jelly
 24413 | IceCv    | Killed an azure jelly
 24413 | IceCv    | Killed an azure jelly
 24414 | IceCv    | Reached skill level 5 in Throwing
 24453 | IceCv    | Identified the amulet "Nomogy" {rC+++ Will++ Regen+ Dex-5}
 24910 | Snake:2  | Reached XP level 17. HP: 156/178 MP: 17/17
 24965 | Snake:2  | Identified the ring "Komipnum" {rPois rC+ AC+4 Slay+2}
 25077 | Snake:2  | Found Ypsudadd's Jewellery Boutique.
 25085 | Snake:2  | Found Cuatt's Weapon Shop.
 25087 | Snake:2  | Found Zier's Jewellery Boutique.
 25518 | Snake:3  | Received a gift from Trog
 25808 | Snake:3  | Reached ****** piety under Trog
 26218 | Snake:3  | Reached skill level 10 in Throwing
 26665 | Snake:3  | Identified the +12 halberd of Putrescence {drain, Will+
                  | Dex+3}
 26867 | Swamp:1  | Entered Level 1 of the Swamp
 27434 | Swamp:2  | Received a gift from Trog
 28021 | Swamp:3  | Identified the +0 helmet "Vaifo" {*Slow rElec rCorr}
 28027 | Swamp:3  | Noticed Nikola
 28028 | Swamp:3  | Noticed Mlioglotl
 28090 | Swamp:3  | Noticed a tentacled starspawn
 28100 | Swamp:2  | Killed Nikola
 28130 | Swamp:3  | Noticed an ancient lich
 28131 | Swamp:3  | Noticed a tentacled starspawn
 28131 | Swamp:3  | Noticed Roxanne
 28135 | Swamp:3  | Killed Mlioglotl
 28166 | Swamp:2  | Reached XP level 18. HP: 180/187 MP: 18/18
 28301 | Swamp:3  | Found a transporter.
 28635 | Swamp:3  | Killed Roxanne
 28798 | Swamp:3  | HP: 4/187 [acid (9)]
 28895 | Swamp:3  | Found a transporter.
 28935 | Swamp:3  | Paralysed by a Zot trap for 5 turns
 28951 | Swamp:3  | Identified the amulet "Vihig" {Faith Rampage rC+}
 28959 | Swamp:3  | Identified the +1 helmet "Nonn" {Int+3 Dex+3}
 29382 | Snake:4  | Entered Level 4 of the Snake Pit
 29633 | Snake:4  | Identified the +6 glaive "Zaetym" {speed, rPois Will-
                  | Int+10 Dex-2}
 29686 | Snake:4  | Received a gift from Trog
 29971 | Snake:4  | Noticed Vashnia
 29979 | Snake:4  | Reached skill level 5 in Dodging
 30104 | Snake:4  | Killed Vashnia
 30218 | Snake:4  | Got a serpentine rune of Zot
 30621 | Swamp:4  | Entered Level 4 of the Swamp
 30850 | Swamp:4  | Received a gift from Trog
 30865 | Swamp:4  | Reached XP level 19. HP: 188/188 MP: 19/19
 30980 | Swamp:4  | Found a runed translucent door.
 30990 | Swamp:4  | Noticed AdnanSaban's ghost (adept GrFi)
 31150 | Swamp:4  | Killed AdnanSaban's ghost
 31210 | Swamp:4  | Paralysed by a hornet for 1 turns
 31215 | Swamp:4  | HP: 12/289 [thorn hunter (10)]
 31216 | Swamp:4  | HP: 5/289 [hornet[a shambling mangrove] (10)]
 31216 | Swamp:4  | Slain by a spriggan druid

Illustrated notes

Levels and vault maps discovered:
D:1:      erik_arrival_orb_chamber, layout_loops_ring, minmay_split_cup_small
D:2:      layout_basic, nicolae_ecumenical_snake_handling
D:3:      layout_loops_cross, mainiacjoe_overflow_alcove_1, uniq_terence
D:4:      layout_rooms, general_overflow_altar
D:5:      layout_basic, uniq_sigmund
D:6:      layout_cave_pods, nicolae_overflow_hidden_temple, minmay_three_doors
D:7:      layout_basic, grunt_temple_overflow_open, minmay_temple_entry_trees,
          chequers_serial_rivers_micro_c
D:8:      layout_basic
D:9:      layout_loops_ring, trog_book, uniq_harold
D:10:     layout_long_grid, okawaru_trees_1, erik_lair_dragon, uniq_lodul
D:11:     layout_gridville, orc_0_dummy
D:12:     layout_loops_ring, makhleb_altar_promises_db
D:13:     minmay_guarded_unrand_sword_of_power, layout_gridville,
          david_vaults_1, uniq_azrael, uniq_sonja
D:14:     minmay_octagon_keep, layout_basic, serial_shops, nicolae_shop_stone,
          minmay_guarded_unrand_finisher
D:15:     gammafunk_enter_depths_forms, layout_loops_ring,
          hangedman_decor_growths
Lair:1:   layout_hall_layers, grunt_megastairs_3
Lair:2:   gammafunk_cloud_chamber, layout_loops_ring,
          nicolae_volcano_entry_lava_flow
Lair:3:   layout_cave_pods, swamp_mist_pool, minmay_snake_entry_six_corridors,
          hangedman_lair_unloving_vines, uniq_amaemon
Lair:4:   layout_gridlike, nicolae_slime_entry_slimehenge, ice2_lemuel,
          infiniplex_staircase_pool_2, lemuel_fruit_tree, serial_bayou_shore_b,
          uniq_nessos
Lair:5:   minmay_lair_end_enchanted_forest, layout_cave_pods
Swamp:1:  layout_basic_swamp, evilmike_swamp_ruin_house_3,
          nicolae_swamp_some_circles
Swamp:2:  layout_basic_swamp, hangedman_swamp_lotus
Swamp:3:  gammafunk_worm_tunnel, layout_falls_marsh,
          evilmike_swamp_ruin_rubble_1, uniq_mlioglotl, uniq_roxanne,
          uniq_nikola
Swamp:4:  byrel_swamp_growth_death_and_undeath, layout_basic_swamp,
          hellmonk_ghost_happy_afterlife, swamp_pool3,
          nicolae_swamp_bloodsuckers_inc
Snake:1:  layout_onion_interference, minmay_shop_star, uniq_josephine,
          uniq_aizul
Snake:2:  layout_basic, portal_ice_cave_entry_dragon, nicolae_wooded_promenade,
          uniq_saint_roka, uniq_donald
Snake:3:  layout_chambers, nicolae_integral_box
Snake:4:  grunt_snake_rune_serpentine_throne, layout_cave_town,
          grunt_megastairs_2

Skill      XL: |  1  2  3  4  5  6  7  8  9 10 11 12 13 14 15 16 17 18 19 |
---------------+----------------------------------------------------------+-----
Fighting       | 4 5 6 7 8 10 19 21 22 | 22.6
Axes           | 5 6 7 8 10 12 14 17 19 20 21 24 | 24.0
Armour         | 5 8 13 14 15 16 | 16.6
Evocations     | 2 9 10 | 10.0
Throwing       | 6 12 14 | 14.5
Dodging        | 2 5 6 |  6.1

Action                     |  1- 3 |  4- 6 |  7- 9 | 10-12 | 13-15 | 16-18 | 19-21 || total
---------------------------+-------+-------+-------+-------+-------+-------+-------++-------
  Melee: Hand axe          |    98 |   154 |   182 |       |       |       |       ||   434
         Punch             |     1 |       |     2 |       |       |       |       ||     3
         Battleaxe         |       |       |    90 |   413 |   491 |       |       ||   994
         Whip              |       |       |       |    10 |    17 |       |       ||    27
         Executioner's axe |       |       |       |       |   184 |   745 |    70 ||   999
 Invoke: Berserk           |     2 |     5 |    11 |    11 |    10 |    11 |     1 ||    51
         Trog's Hand       |       |       |     1 |       |     1 |     3 |       ||     5
         Brothers in Arms  |       |       |       |       |     3 |    10 |     3 ||    16
  Evoke: Wand              |       |       |     2 |     3 |       |     2 |       ||     7
         Phial of floods   |       |       |       |       |       |     1 |       ||     1
    Use: Scroll            |       |       |       |    23 |     5 |     6 |       ||    34
         Potion            |       |       |       |     1 |     1 |     6 |       ||     8
   Stab: Paralysed         |       |       |     2 |     2 |       |       |       ||     4
 Armour: Animal skin       |    12 |    14 |       |       |       |       |       ||    26
         Chain mail        |       |    38 |    97 |   248 |   154 |       |       ||   537
         Plate armour      |       |       |       |       |   355 |    85 |       ||   440
         Crystal plate arm |       |       |       |       |       |   806 |   155 ||   961
  Dodge: Dodged            |    46 |    61 |    85 |   145 |   213 |   327 |    62 ||   939
  Block: Other             |       |       |       |    11 |   144 |    47 |       ||   202
         Reflection        |       |       |       |       |    11 |       |       ||    11

Table legend: (Time is in decaauts)
 A = Elapsed time spent in this place.
 B = Non-inter-level travel time spent in this place.
 C = Inter-level travel time spent in this place.
 D = Time resting spent in this place.
 E = Time spent auto-exploring this place.
 F = Levels seen in this place.
 G = Mean time per level.
                   A        B        C        D        E       F      G
               +--------+--------+--------+--------+--------+-----+--------+
         Total |  31717 |  29288 |   2429 |   3205 |  19596 |  30 | 1057.2 |
       Dungeon |  17189 |  16046 |   1143 |   1814 |  11552 |  15 | 1145.9 |
          Lair |   5864 |   5175 |    689 |    191 |   3821 |   5 | 1172.8 |
         Swamp |   3459 |   3179 |    280 |    699 |   1326 |   4 |  864.8 |
     Snake Pit |   4192 |   3876 |    316 |    290 |   2562 |   4 | 1048.0 |
      Ice Cave |    671 |    671 |      0 |    192 |    125 |   1 |  671.0 |
       Volcano |    339 |    339 |      0 |     17 |    210 |   1 |  339.0 |
               +--------+--------+--------+--------+--------+-----+--------+

Top non-repeatable levels by time:
    D:13: 2184 daAuts
    D:10: 1565 daAuts
     D:5: 1469 daAuts
    D:14: 1432 daAuts
  Lair:5: 1425 daAuts
  Lair:2: 1400 daAuts
 Snake:3: 1390 daAuts
  Lair:3: 1370 daAuts
     D:6: 1258 daAuts
    D:15: 1216 daAuts
 Swamp:2: 1210 daAuts
     D:3: 1115 daAuts
 Swamp:3: 1084 daAuts
  Lair:4: 1057 daAuts
     D:9: 1052 daAuts
